 Dungeon Crawl Stone Soup version 0.31-a0-229-g1fc7ce93e2 (webtiles) character file.

Game seed: 10098298302875351052

3954 tsouns the Skirmisher (level 10, -4/121 HPs)
             Began as a Demonspawn Hunter on July 6, 2023.
             Was a High Priest of Cheibriados.
             Slain by Urug
             ... wielding a +1 eveningstar of distortion
              (6 damage)
             ... on level 10 of the Dungeon.
             The game lasted 00:17:45 (9692 turns).

tsouns the Skirmisher (Demonspawn Hunter)           Turns: 9692, Time: 00:17:46

Health: -4/121     AC:  6    Str: 23    XL:     10   Next: 2%
Magic:  13/13      EV: 13    Int: 27    God:    Cheibriados [*****.]
Gold:   215        SH:  0    Dex: 29    Spells: 3/9 levels left

rFire   + . .        o - +0 short sword (drain)
rCold   + . .        (no shield)
rNeg    . . .        c - +0 leather armour
rPois   .            (helmet restricted)
rElec   .            l - scarf {rC+ rF+}
rCorr   .            m - +1 pair of gloves
SInv    .            B - +0 pair of boots
Will    .....        d - amulet of magic regeneration Stlth
                     r - ring of wizardry
HPRegen 0.40/turn    k - ring of flight
MPRegen 0.66/turn

%: wizardry (x1)
@: berserking, flying, very slow
A: claws 2, horns 1, ignite blood 1, magic regeneration, weakness stinger 1
a: Renounce Religion, Bend Time, Temporal Distortion, Slouch, Step From Time


You were on level 10 of the Dungeon.
You worshipped Cheibriados.
Cheibriados was extremely pleased with you.
You visited 1 branch of the dungeon, and saw 10 of its levels.
You also visited: Ossuary.

You collected 494 gold pieces.
You spent 279 gold pieces at shops.

Inventory:

Hand Weapons
 a - a +1 shortbow
 f - a +0 dagger of draining
 o - a +0 short sword of draining (weapon)
Missiles
 y - a throwing net
 D - 3 curare-tipped darts
Armour
 c - a +0 leather armour (worn)
 l - a scarf of resistance (worn)
 m - a +1 pair of gloves (worn)
 B - a +0 pair of boots (worn)
Jewellery
 d - an amulet of magic regeneration (around neck)
 k - a ring of flight (right hand)
 r - a ring of wizardry (left hand)
Wands
 p - a wand of mindburst (11)
 x - a wand of flame (36)
 C - a wand of digging (7)
Scrolls
 b - a scroll of butterflies
 e - 2 scrolls of immolation
 i - a scroll of teleportation
 t - a scroll of enchant armour
 v - a scroll of revelation
 z - 2 scrolls of fear
 E - a scroll of fog
 G - 2 scrolls of identify
 H - a scroll of noise
 I - a scroll of silence
Potions
 g - 3 potions of lignification
 h - a potion of enlightenment
 j - 2 potions of cancellation
 n - 2 potions of resistance
 q - a potion of mutation
 s - a potion of berserk rage
 u - a potion of attraction
 A - a potion of magic
 F - a potion of ambrosia


   Skills:
 + Level 8.3 Fighting
 * Level 11.0 Ranged Weapons
 - Level 1.7 Dodging
 - Level 0.8 Stealth
 + Level 5.1 Invocations


You had 3 spell levels left.
You knew the following spells:

 Your Spells              Type           Power      Damage    Failure   Level
a - Statue Form           Tmut/Erth      0%         N/A       100%        6

Your spell library contained the following spells:

 Spells                   Type           Power      Damage    Failure   Level
 Manifold Assault         Tloc           0%         N/A       45%         4
 Petrify                  Tmut/Erth      0%         N/A       45%         4
 Iskenderun's Battlesphe  Conj           0%         2d6       80%         5
 Metabolic Englaciation   Hex/Ice        0%         N/A       80%         5
 Dispersal                Tloc           0%         N/A       100%        6
 Leda's Unmaking          Conj/Erth      0%         9d1       100%        6
 Spellforged Servitor     Conj/Summ      0%         N/A       100%        7
 Disjunction              Tloc           0%         N/A       100%        8


Dungeon Overview and Level Annotations

Branches:
Dungeon (10/15)            Temple (0/1) D:4         Ossuary (visited)
   Lair: D:8-11         Orc: D:9-12

Altars:
Cheibriados
Makhleb
Qazlal
Xom

Shops:
D:8 *

Portals:
Abyss: D:7

Annotations:
D:7 2 transporters, Shym's ghost, novice TeAE
D:10 Urug


Innate Abilities, Weirdness & Mutations

You have very sharp fingernails.
You have a pair of small horns on your head.
Your demonic aura sometimes causes spilled blood to erupt in flames.
You regenerate magic rapidly.
You have a small tail.


Message History

Press: ? - help, Shift-Dir - straight line, f/p - Urug
Aim: Urug, wielding a +1 eveningstar of distortion, wearing a +0 scale mail, quivering javelins and carrying a wand of roots (2) (heavily wounded, very poisoned, slow, chance to affect: 47%) Urug's mind is blasted!
Unknown command.
Fire: a) +1 shortbow
Press: ? - help, Q - select action, (/) - cycle Shift-Dir - straight line, f/p - Urug
Aim: Urug, wielding a +1 eveningstar of distortion, wearing a +0 scale mail, quivering javelins and carrying a wand of roots (2) (severely wounded, very poisoned, slow, 69% to hit)
You shoot an arrow. The arrow hits Urug.
Urug is severely wounded.
Urug hits you with a +1 eveningstar of distortion!!
Space warps around you.
Unknown command.
Fire: a) +1 shortbow
Press: ? - help, Q - select action, (/) - cycle Shift-Dir - straight line, f/p - Urug
Aim: Urug, wielding a +1 eveningstar of distortion, wearing a +0 scale mail, quivering javelins and carrying a wand of roots (2) (severely wounded, very poisoned, slow, 69% to hit)
You shoot an arrow. The arrow barely misses Urug.
Unknown command.
Urug zaps a wand.
The roots erupt in riotous growth!
The grasping roots grab you! The grasping roots constrict you.
Urug throws a javelin.
The javelin pierces through you!
* * * LOW HITPOINT WARNING * * *
The grasping roots constrict you!
* * * LOW HITPOINT WARNING * * *
You hear a shout!
Okay, then.
You sense an unholy aura.
o - a +0 short sword of draining (weapon)
A red film seems to cover your vision as you go berserk!
Cheibriados forces you to slow down.
You feel mighty! The grasping roots constrict you!
* * * LOW HITPOINT WARNING * * *
The grasping roots release their grip on you.
Unknown command.
You barely miss Urug. You headbutt Urug!
Urug is almost dead.
You hit Urug. You headbutt Urug.
Your tail-slap misses Urug.
Urug is almost dead.
Urug hits you with a +1 eveningstar of distortion.
You die...

#######
#@o)(.#
#†.....(..
#.........
#.........
#......##.
########


You could see Urug (very poisoned, slow).

Vanquished Creatures
  Sigmund (D:2)
  4 yaks
  Menkaure (D:5)
  A water moccasin (D:7)
  2 black bears (D:6)
  4 sky beasts
  An orc warrior (D:10)
  6 ogres
  4 kobold brigands
  4 scorpions
  A bullfrog (D:6)
  5 water moccasin zombies (Ossuary)
  4 wights (D:8)
  2 hounds
  5 orc priests
  A jelly (D:6)
  4 iguanas
  7 orc wizards
  2 mummies (Ossuary)
  11 gnolls
  2 adders
  An ufetubus (D:6)
  4 adder zombies (Ossuary)
  24 orcs
  6 endoplasms
  10 goblins
  14 hobgoblins
  20 kobolds
  6 quokkas
  3 ball pythons
  2 bats (D:1)
  2 frilled lizards
  3 gnoll zombies (Ossuary)
  5 hobgoblin zombies (Ossuary)
  2 kobold zombies (Ossuary)
  2 orc zombies (Ossuary)
  9 rats
185 creatures vanquished.

Notes
Turn   | Place    | Note
-------+----------+-------------------------------------------
     0 | D:1      | tsouns the Demonspawn Hunter began the quest for the Orb.
     0 | D:1      | Reached XP level 1. HP: 16/16 MP: 1/1
   198 | D:1      | Gained mutation: Your demonic aura sometimes causes spilled
                  | blood to erupt in flames. [demonic ancestry]
   198 | D:1      | Reached XP level 2. HP: 21/21 MP: 2/2
   414 | D:1      | Reached skill level 4 in Ranged Weapons
   433 | D:1      | Found a faded altar of an unknown god.
   442 | D:1      | Prayed at the altar of an unknown god.
   442 | D:1      | Became a worshipper of Cheibriados the Contemplative
   442 | D:1      | Reached * piety under Cheibriados
  1369 | D:2      | Discovered your monstrous ancestry.
  1369 | D:2      | Gained mutation: You have a small tail. [demonic ancestry]
  1369 | D:2      | Reached XP level 3. HP: 28/28 MP: 3/3
  1466 | D:2      | Found a shimmering altar of Xom.
  1889 | D:2      | Noticed Sigmund
  1909 | D:2      | Killed Sigmund
  1910 | D:2      | Reached skill level 5 in Ranged Weapons
  1910 | D:2      | Gained mutation: You have a pair of small horns on your
                  | head. [demonic ancestry]
  1910 | D:2      | Reached XP level 4. HP: 19/37 MP: 4/4
  1910 | D:2      | Reached XP level 5. HP: 22/42 MP: 5/5
  2358 | D:3      | Reached ** piety under Cheibriados
  2498 | D:3      | Gained mutation: You have sharp fingernails. [demonic
                  | ancestry]
  2498 | D:3      | Reached XP level 6. HP: 48/48 MP: 6/6
  2754 | D:3      | Reached skill level 6 in Ranged Weapons
  3345 | D:4      | Found a staircase to the Ecumenical Temple.
  3779 | D:4      | Identified the +6 quarterstaff of Efimaisch {heavy, rPois
                  | Str+4 SInv Stlth+}
  3822 | D:4      | Reached XP level 7. HP: 55/55 MP: 7/7
  3852 | D:4      | Reached skill level 5 in Fighting
  3852 | D:4      | Reached skill level 7 in Ranged Weapons
  3975 | D:4      | Found a stormy altar of Qazlal.
  3986 | D:4      | Reached *** piety under Cheibriados
  4122 | D:4      | Found a burning altar of Makhleb.
  4485 | D:5      | Entered Level 5 of the Dungeon
  4586 | D:5      | Found a sand-covered staircase.
  4601 | Ossuary  | Entered an ossuary
  4829 | Ossuary  | Gained mutation: You have very sharp fingernails. [demonic
                  | ancestry]
  4829 | Ossuary  | Reached XP level 8. HP: 24/64 MP: 8/8
  5160 | D:5      | Reached **** piety under Cheibriados
  5164 | D:5      | Reached skill level 8 in Ranged Weapons
  5813 | D:5      | Noticed Menkaure
  5819 | D:5      | Killed Menkaure
  5820 | D:5      | Reached skill level 9 in Ranged Weapons
  6555 | D:6      | Gained mutation: You regenerate magic rapidly. [demonic
                  | ancestry]
  6555 | D:6      | Reached XP level 9. HP: 72/72 MP: 9/9
  6568 | D:6      | Learned a level 6 spell: Statue Form
  6893 | D:6      | Reached skill level 1 in Invocations
  7506 | D:7      | Identified the +0 ring mail of Quantum Leap {rF+ Int+2}
  7699 | D:7      | Reached ***** piety under Cheibriados
  7722 | D:7      | Reached skill level 10 in Ranged Weapons
  8060 | D:7      | Found a transporter.
  8075 | D:7      | Found a one-way gate to the infinite horrors of the Abyss.
  8075 | D:7      | Noticed Shym's ghost (novice TeAE)
  8077 | D:7      | Found a transporter.
  8468 | D:8      | Found Olaazxoqi's Assorted Antiques.
  8479 | D:8      | Bought a cabochon ring for 155 gold pieces
  8479 | D:8      | Bought a runed bronze wand for 124 gold pieces
  9607 | D:10     | Entered Level 10 of the Dungeon
  9611 | D:10     | Reached skill level 11 in Ranged Weapons
  9611 | D:10     | Reached skill level 5 in Invocations
  9676 | D:10     | Noticed Urug
  9680 | D:10     | Reached XP level 10. HP: 63/81 MP: 13/13
  9690 | D:10     | HP: 1/121 [constriction (11)]
  9692 | D:10     | Slain by Urug

Illustrated notes

Levels and vault maps discovered:
D:1:      heliophobic_arrival_glass_houses, layout_loops_ring,
          hellmonk_ecumenical_altar_zigzags, serial_forest,
          infiniplex_forest_lined_ring, infiniplex_forest_lined_room_2,
          infiniplex_forest_end_2, infiniplex_forest_end_3,
          infiniplex_forest_lined_4_way, infiniplex_forest_straight_4,
          infiniplex_forest_pool, infiniplex_forest_straight_3,
          minmay_fountain_box
D:2:      layout_basic, basic_altar, kennysheep_path_1, uniq_sigmund
D:3:      layout_basic
D:4:      layout_layer_cave, nicolae_overflow_hidden_temple,
          minmay_temple_entry_proselytizer, chequers_serial_rivers_room_b
D:5:      layout_loops_cross, nicolae_ossuary_entry_false_entrances,
          minmay_misc_feat_rows, nicolae_zen_rock_garden, uniq_menkaure
D:6:      layout_layer_cave, st_stairs_14
D:7:      layout_loops_cross, gammafunk_ghost_abyssal_escape, chequers_arboretum
D:8:      layout_basic, enter_bailey_4, serial_shops, nicolae_shop_tiny_glass,
          blue_anna_alchemist
D:9:      layout_cave_pools, grunt_temple_overflow_open,
          mainiacjoe_overflow_24_doors, hellmonk_lair_entry_icy
D:10:     layout_gridville, david_orc_4, st_stairs_10, uniq_snorg,
          uniq_josephine, uniq_urug

Skill      XL: |  1  2  3  4  5  6  7  8  9 |
---------------+----------------------------+-----
Ranged Weapons | 4 5 6 7 9 11 | 11.0
Fighting       | 3 4 5 7 8 |  8.3
Invocations    | 5 |  5.1
Dodging        | |  1.7
Stealth        | |  0.8

Action                     |  1- 3 |  4- 6 |  7- 9 | 10-12 || total
---------------------------+-------+-------+-------+-------++-------
  Melee: Short sword       |       |       |       |     2 ||     2
         Headbutt          |       |       |       |     2 ||     2
   Fire: Shortbow          |    81 |   109 |   446 |     3 ||   639
  Throw: Dart              |       |       |     2 |     1 ||     3
  Evoke: Wand              |       |       |     5 |     4 ||     9
    Use: Scroll            |       |     6 |    13 |       ||    19
         Potion            |       |       |     7 |     1 ||     8
 Armour: Leather armour    |     8 |     7 |    43 |       ||    58
  Dodge: Dodged            |    17 |    14 |    94 |       ||   125

Table legend: (Time is in decaauts)
 A = Elapsed time spent in this place.
 B = Non-inter-level travel time spent in this place.
 C = Inter-level travel time spent in this place.
 D = Time resting spent in this place.
 E = Time spent auto-exploring this place.
 F = Levels seen in this place.
 G = Mean time per level.
                   A        B        C        D        E       F      G
               +--------+--------+--------+--------+--------+-----+--------+
         Total |  13635 |  13367 |    268 |      0 |  11851 |  11 | 1239.5 |
       Dungeon |  13079 |  12811 |    268 |      0 |  11447 |  10 | 1307.9 |
       Ossuary |    556 |    556 |      0 |      0 |    404 |   1 |  556.0 |
               +--------+--------+--------+--------+--------+-----+--------+

Top non-repeatable levels by time:
     D:5: 1931 daAuts
     D:8: 1750 daAuts
     D:6: 1732 daAuts
     D:4: 1691 daAuts
     D:1: 1650 daAuts
     D:3: 1438 daAuts
     D:7: 1360 daAuts
     D:2: 1359 daAuts
 Ossuary: 556 daAuts
    D:10: 83 daAuts
     D:9: 80 daAuts
